 Dungeon Crawl Stone Soup version 0.29-a0-275-g389c0b56f3 (webtiles) character file.

Game seed: 11041955366483435186

7 testman the Caller (level 1, -1/13 HPs)
             Began as a Demonspawn Wanderer on Mar 11, 2022.
             Frozen to death by an endoplasm (4 damage)
             ... on level 1 of the Dungeon.
             The game lasted 00:02:16 (694 turns).

testman the Caller (Demonspawn Wanderer)             Turns: 694, Time: 00:02:17

Health: -1/13      AC:  2    Str: 11    XL:     1   Next: 83%
Magic:  0/3        EV: 11    Int: 17    God:
Gold:   11         SH:  0    Dex:  9    Spells: 2/4 levels left

rFire   . . .      SeeInvis .   f - +0 dagger (pain)
rCold   . . .      Faith    .   (no shield)
rNeg    . . .      Spirit   .   c - +0 robe
rPois   .          Reflect  .   (no helmet)
rElec   .          Harm     .   (no cloak)
rCorr   .          Rampage  .   (no gloves)
Will    .....                   (no boots)
Stlth   +.........              (no amulet)
HPRegen 0.04/turn               (no ring)
MPRegen 0.08/turn               (no ring)

@: no status effects
A: no striking features
a: no special abilities


You were on level 1 of the Dungeon.
You visited 1 branch of the dungeon, and saw 1 of its levels.

You collected 11 gold pieces.

Inventory:

Hand Weapons
 a - a +0 club
 f - a +0 dagger of pain (weapon)
Missiles
 e - 61 stones
Armour
 c - a +0 robe (worn)
Wands
 d - a wand of polymorph (3)
Scrolls
 g - a scroll of identify {unknown}
Potions
 b - a potion of haste


   Skills:
 - Level 1.0 Stealth
 + Level 2.1 Spellcasting
 + Level 3.1 Summonings
 + Level 2.0 Ice Magic
 - Level 2.0 Evocations


You had 2 spell levels left.
You knew the following spells:

 Your Spells              Type           Power      Damage    Failure   Level
a - Summon Small Mammal   Summ           48%        N/A       5%          1
b - Freeze                Ice            32%        1d5       9%          1

Your spell library contained the following spells:

 Spells                   Type           Power      Damage    Failure   Level
 Call Imp                 Summ           12%        N/A       8%          2
 Call Canine Familiar     Summ           12%        N/A       16%         3
 Frozen Ramparts          Ice            16%        1d3       26%         3


Dungeon Overview and Level Annotations

Branches:
Dungeon (1/15)

Altars:


Message History

You start waiting.
Done waiting.
e - 61 stones (gained 13)
You open the door.
There is an open door here.
g - a scroll labelled AFA FOTOKUFREOD You open the door.
A kobold comes into view. It is wielding a +0 whip.
An endoplasm comes into view.
The kobold shouts!
The endoplasm quivers.
The endoplasm moves out of view.
There is an open door here.
You hit the kobold but do no damage. The kobold hits you with a +0 whip.
You closely miss the kobold. The kobold closely misses you.
You hit the kobold.
The kobold is severely wounded.
The kobold hits you but does no damage.
You barely miss the kobold.
The kobold is moderately wounded.
The kobold hits you with a +0 whip.
Aiming: Freeze (safe; 9% risk of failure)
Press: ? - help, Q - select action, (/) - cycle Shift-Dir - straight line, f - kobold
Aim: a kobold, wielding a +0 whip (moderately wounded)
You freeze the kobold.
You kill the kobold!
Aiming: Freeze (safe; 9% risk of failure)
Press: ? - help, Q - select action, (/) - cycle Shift-Dir - straight line, f - endoplasm
Aim: an endoplasm You freeze the endoplasm.
The endoplasm is heavily wounded.
The endoplasm hits you.
There is an open door here.
The endoplasm attacks as you move away! The endoplasm hits you.
* * * LOW HITPOINT WARNING * * *
Casting: Freeze (safe; 9% risk of failure)
Confirm with . or Enter, or press ? or * to list all spells.
The endoplasm freezes you.
You are frozen.
You die...

.....#.###.###
#.............
#.########.### #+## #.###
##...## #.... ##.....##
##### #.# ##b......##
##.##
#....####.........####....
......).J@........+.......
#....####.........####...#
... ##.......# #..## .
##.....## #.##
##...#######.### ##'##
#........ #.# #.###.##.
#.# #.# #.##. ##.## #.#
#....


You could see an endoplasm (ally target) and a friendly bat (summoned).

Vanquished Creatures
  An endoplasm (D:1)
  2 giant cockroaches (D:1)
  2 kobolds (D:1)
  A bat (D:1)
6 creatures vanquished.

Notes
Turn   | Place    | Note
-------+----------+-------------------------------------------
     0 | D:1      | testman the Demonspawn Wanderer began the quest for the
                  | Orb.
     0 | D:1      | testman set off with the following items: a +0 club, a
                  | potion of haste, a +0 robe, a wand of polymorph (3); and
                  | the following spells available to memorise: Summon Small
                  | Mammal, Call Imp, Freeze, Call Canine Familiar, Frozen
                  | Ramparts
     0 | D:1      | Reached XP level 1. HP: 13/13 MP: 3/3
     8 | D:1      | Learned a level 1 spell: Summon Small Mammal
    10 | D:1      | Learned a level 1 spell: Freeze
   694 | D:1      | Frozen to death by an endoplasm

Illustrated notes

Levels and vault maps discovered:
D:1:      doesnt_arrival_eight_statues, layout_loops_corners,
          hellmonk_ecumenical_altar_inner_sanctum

Skill      XL: |  1 |
---------------+----+-----
Ice Magic      | 2 |  2.0
Stealth        | |  1.0
Spellcasting   | |  2.1
Summonings     | |  3.1
Evocations     | |  2.0

Action                   || total
-------------------------++-------
Melee: Dagger            ||    10
 Cast: Freeze            ||    11
       Summon Small Mamm ||     1
Armor: Robe              ||     4
Dodge: Dodged            ||     3

Table legend: (Time is in decaauts)
 A = Elapsed time spent in this place.
 B = Non-inter-level travel time spent in this place.
 C = Inter-level travel time spent in this place.
 D = Time resting spent in this place.
 E = Time spent auto-exploring this place.
 F = Levels seen in this place.
 G = Mean time per level.
                   A        B        C        D        E       F      G
               +--------+--------+--------+--------+--------+-----+--------+
         Total |    693 |    693 |      0 |    280 |    356 |   1 |  693.0 |
       Dungeon |    693 |    693 |      0 |    280 |    356 |   1 |  693.0 |
               +--------+--------+--------+--------+--------+-----+--------+

Top non-repeatable levels by time:
     D:1: 693 daAuts
